 Dungeon Crawl Stone Soup version 0.14-a0-1686-g0e827d1 (webtiles) character file.

211 CrazyArbalest the Cudgeler (level 4, -1/49 HPs)
             Began as an Ogre Berserker on Dec 30, 2013.
             Was a Priest of Trog.
             Slain by a worker ant (3 damage)
             ... while paralysed by a potion of paralysis
             ... on Level 3 of the Dungeon.
             The game lasted 00:06:29 (1925 turns).

CrazyArbalest the Cudgeler (Ogre Berserker)         Turns: 1925, Time: 00:06:29

HP  -1/49        AC  3     Str 22      XL: 4   Next: 46%
MP   4/4         EV  1     Int  7      God: Trog [***...]
Gold 127         SH  0     Dex  9      Spells:  0 memorised,  3 levels left

rFire  . . .     SeeInvis .     k - +0 mace
rCold  . . .     Clarity  .     b - +0 animal skin
rNeg   . . .     Conserve .     (shield restricted)
rPois  .         rCorr    .     (helmet restricted)
rElec  .         rRot     .     (no cloak)
SustAb . .       Spirit   .     (gloves unavailable)
rMut   .         Warding  .     (boots unavailable)
Saprov + . .     Stasis   .     (no amulet)
                                (no ring)
                                (no ring)

@: paralysed, mildly poisoned, slightly resistant to hostile enchantments,
unstealthy
A: unfitting armour, fast metabolism 1, saprovore 1, tough skin 1
a: Burn Spellbooks, Berserk, Trog's Hand, Renounce Religion


You were on level 3 of the Dungeon.
You worshipped Trog.
Trog was most pleased with you.
You were not hungry.

You visited 1 branch of the dungeon, and saw 3 of its levels.

You collected 127 gold pieces.

Inventory:

Hand weapons
 a - a +0,+0 mace
 k - a +0,+0 mace (weapon)
Armour
 b - a +0 animal skin (worn)
Comestibles
 c - 5 meat rations
 l - 3 bread rations
 m - a chunk of bat flesh
Scrolls
 d - 2 scrolls of recharging {unknown}
 e - 3 scrolls of noise {unknown}
 f - a scroll of fear {unknown}
 g - 3 scrolls of curse weapon {unknown}
 i - a scroll of curse armour {unknown}
 j - a scroll of enchant armour {unknown}
 n - a scroll of blinking {unknown}
 q - a scroll of remove curse {unknown}
Jewellery
 h - an uncursed ring of protection from magic {unknown}
Potions
 p - a potion of brilliance {unknown}


   Skills:
 + Level 4.7 Fighting
 + Level 4.8 Maces & Flails
 + Level 3.9 Dodging
 + Level 0.3 Stealth


You had 3 spell levels left.
You didn't know any spells.

Dungeon Overview and Level Annotations

Branches:
Dungeon (3/16)

Altars:
Ashenzari


Innate Abilities, Weirdness & Mutations

You are too large for most types of armour.
You have a fast metabolism.
You can tolerate rotten meat.
You have tough skin (AC +1).


Message History

The worker ant is heavily wounded.
The worker ant bites you but does no damage.
You hit the worker ant.
The worker ant is heavily wounded.
The worker ant bites you.
* * * LOW HITPOINT WARNING * * *
You barely miss the worker ant.
The worker ant is heavily wounded.
The worker ant barely misses you. The worker ant bites you.
* * * LOW HITPOINT WARNING * * *
You closely miss the worker ant.
The worker ant is heavily wounded.
The worker ant bites you.
* * * LOW HITPOINT WARNING * * *
Drink which item? (? for menu, Esc to quit)
You suddenly lose the ability to move!
It was a potion of paralysis.
The worker ant bites you.
* * * LOW HITPOINT WARNING * * *
The worker ant bites you.
You die...

#..#
....#####.<#
...........#
.#.######.##
#.#
#.########..
#...........
#.########..
#..@a.......
##########..


You could see a worker ant.

Vanquished Creatures
  3 adders (D:2)
  A giant mite (D:1)
  3 giant geckos
  An ooze (D:2)
  8 bats
  2 giant cockroaches (D:2)
  8 goblins
  6 hobgoblins
  3 kobolds (D:1)
  A quokka (D:2)
  5 giant newts
  3 jackals (D:3)
  5 rats
49 creatures vanquished.

Notes
Turn   | Place    | Note
--------------------------------------------------------------
     0 | D:1      | CrazyArbalest, the Ogre Berserker, began the quest for the Orb.
     0 | D:1      | Reached XP level 1. HP: 24/24 MP: 1/1
   376 | D:1      | Reached XP level 2. HP: 25/33 MP: 2/2
   715 | D:2      | Acquired Trog's second power
   729 | D:2      | Reached XP level 3. HP: 24/40 MP: 3/3
  1040 | D:2      | HP: 2/40 [poisoned by an adder]
  1368 | D:2      | Reached XP level 4. HP: 42/49 MP: 4/4
  1396 | D:2      | Found a shattered altar of Ashenzari.
  1924 | D:3      | Paralysed by a potion of paralysis for 3 turns
  1924 | D:3      | HP: 1/49 [worker ant (5)]
  1925 | D:3      | Slain by a worker ant

Action                   |  1- 3 |  4- 6 || total
-------------------------+-------+-------++-------
Melee: Mace              |   114 |    53 ||   167
  Use: Potion            |       |     1 ||     1
